 Dungeon Crawl Stone Soup version 0.22-a0-571-g4a923d4 (webtiles) character file.

282 Hebeh the Chopper (level 6, -3/55 HPs)
             Began as a Minotaur Fighter on July 1, 2018.
             Slain by a gnoll (5 damage)
             ... on level 5 of the Dungeon.
             The game lasted 00:06:29 (2490 turns).

Hebeh the Chopper (Minotaur Fighter)                Turns: 2490, Time: 00:06:29

Health: -3/55      AC: 14    Str: 23    XL:     6   Next: 6%
Magic:  5/5        EV:  2    Int:  5    God:
Gold:   117        SH: 15    Dex:  9    Spells: 5/5 levels left

rFire    . . .     SeeInvis .   l - +1 whip (venom)
rCold    . . .     Gourm    .   t - +0 large shield
rNeg     . . .     Faith    .   u - +0 plate armour
rPois    .         Spirit   .   (helmet restricted)
rElec    .         Reflect  .   (no cloak)
rCorr    .         Harm     .   m - +0 pair of gloves (curse)
MR       .....                  o - +0 pair of boots
Stlth    ..........             (no amulet)
HPRegen  0.18/turn              (no ring)
MPRegen  0.09/turn              (no ring)

@: no status effects
A: retaliatory headbutt, horns 2
a: no special abilities


You were on level 5 of the Dungeon.
You were not hungry.

You visited 1 branch of the dungeon, and saw 5 of its levels.

You collected 117 gold pieces.

Inventory:

Hand Weapons
 a - a +0 war axe
 b - a +4 hunting sling of freezing
 l - a +1 whip of venom (weapon)
Armour
 m - a cursed +0 pair of gloves (worn)
 o - a +0 pair of boots (worn)
 t - a +0 large shield (worn)
 u - a +0 plate armour (worn)
Scrolls
 e - 2 scrolls of identify {unknown}
 g - 4 scrolls of remove curse {unknown}
 j - 3 scrolls of magic mapping {unknown}
 k - 2 scrolls of teleportation {unknown}
 n - a scroll of enchant armour {unknown}
 p - 2 scrolls of fear {unknown}
 s - 2 scrolls of amnesia {unknown}
 w - 2 scrolls of enchant weapon {unknown}
Potions
 d - a potion of might
 h - 2 potions of brilliance {unknown}
 i - 5 potions of curing {unknown}
 q - a potion of agility {unknown}
 r - a potion of cancellation {unknown}
 v - 2 potions of mutation {unknown}
Comestibles
 f - 8 rations


   Skills:
 + Level 4.9 Fighting
 * Level 5.2 Axes
 + Level 4.9 Armour
 + Level 4.8 Shields


You had 5 spell levels left.
You didn't know any spells.
Your spell library was empty.

Dungeon Overview and Level Annotations

Branches:
Dungeon (5/15)
 Temple: D:4-7

Altars:


Innate Abilities, Weirdness & Mutations

You reflexively headbutt those who attack you in melee.
You have a pair of horns on your head.


Message History

You block the gnoll's attack.
The worker ant bites you but does no damage.
The gnoll barely misses you.
You climb downwards.
Found a fuming amethyst potion and 3 scrolls labeled EREAH NONE.
There is a stone staircase leading up here.
Unknown command.
You are too injured to fight recklessly!
You are too injured to fight recklessly!
You are too injured to fight recklessly!
Unknown command.
You are too injured to fight recklessly!
You hit the gnoll but do no damage. Your headbutt misses the gnoll.
You block the worker ant's attack. The gnoll hits you but does no damage.
The worker ant bites you but does no damage.
The gnoll hits you but does no damage.
You whack the gnoll!
The gnoll is poisoned.
The gnoll is severely wounded.
You block the worker ant's attack. The gnoll hits you.
You die...

### ##.##
#.@g#
+....?a.#
####...##
##.## ###


You could see a worker ant and a gnoll.

Vanquished Creatures
  An ogre (D:4)
  A scorpion (D:4)
  A centaur skeleton (D:4)
  6 adders
  2 oozes
  2 worms
  2 dart slugs
  A leopard gecko (D:2)
  5 bats
  A giant cockroach (D:2)
  6 goblins
  7 hobgoblins
  4 kobolds
  2 quokkas
  3 ball pythons
  5 frilled lizards
  6 rats
55 creatures vanquished.

Notes
Turn   | Place    | Note
-------+----------+-------------------------------------------
     0 | D:1      | Hebeh the Minotaur Fighter began the quest for the Orb.
     0 | D:1      | Reached XP level 1. HP: 19/19 MP: 0/0
    68 | D:1      | Reached XP level 2. HP: 24/27 MP: 1/1
   130 | D:1      | Reached skill level 3 in Axes
   601 | D:2      | Reached XP level 3. HP: 25/33 MP: 2/2
  1068 | D:2      | Reached XP level 4. HP: 40/40 MP: 3/3
  1572 | D:3      | Reached skill level 4 in Axes
  2349 | D:4      | Reached XP level 5. HP: 47/47 MP: 4/4
  2453 | D:4      | Noticed an ogre
  2466 | D:4      | Killed an ogre
  2466 | D:4      | Reached skill level 5 in Axes
  2466 | D:4      | Reached XP level 6. HP: 6/55 MP: 5/5
  2486 | D:4      | HP: 1/55 [gnoll (4)]
  2488 | D:5      | Entered Level 5 of the Dungeon
  2490 | D:5      | Slain by a gnoll

Vault maps used:
D:1:      dpeg_arrival_brainrot, nrook_mini_backslash, kennysheep_crisscross
D:2:      minmay_misc_feat_room
D:4:      grunt_ministairs_9
D:5:      kennysheep_windowed_halls, first_ration

Skill      XL: |  1  2  3  4  5 |
---------------+----------------+-----
Axes           | 3 4 5 |  5.2
Fighting       | 4 |  4.9
Armour         | 4 |  4.9
Shields        | 4 |  4.8

Action                   |  1- 3 |  4- 6 || total
-------------------------+-------+-------++-------
Melee: War axe           |    42 |       ||    42
       Headbutt          |     9 |    12 ||    21
       Whip              |    38 |    71 ||   109
  Eat: Chunk             |     1 |     4 ||     5
Armor: Scale mail        |    29 |    18 ||    47
       Plate armour      |       |    15 ||    15
Dodge: Dodged            |    23 |    11 ||    34
Block: Shield            |    42 |    24 ||    66
       Large shield      |       |    12 ||    12

Table legend:
 A = Spawn XP
 B = Non-spawn XP
 C = Spawn XP percentage of total XP
 D = Spawn monster count
 E = Non-spawn monster count
 F = Spawn count percentage of total count
 G = Total turns spent on level
                    A         B        C        D         E        F      G
               +---------+---------+-------+---------+---------+-------+---------
         Total |       0 |     404 |   0.0 |       0 |      55 |   0.0 |  2490
               +---------+---------+-------+---------+---------+-------+---------
           D:1 |       0 |      38 |   0.0 |       0 |      20 |   0.0 |   591
           D:2 |       0 |      72 |   0.0 |       0 |      18 |   0.0 |   831
           D:3 |       0 |      62 |   0.0 |       0 |      13 |   0.0 |   870
           D:4 |       0 |     232 |   0.0 |       0 |       4 |   0.0 |   196
               +---------+---------+-------+---------+---------+-------+---------
